 Dungeon Crawl Stone Soup version 0.23.2-1-ga50397a (webtiles) character file.

Game seed: 7287537373117363316

43 MalarOregon the Ruffian (level 3, -2/30 HPs)
             Began as a Ghoul Gladiator on May 31, 2019.
             Slain by a worm (10 damage)
             ... on level 2 of the Dungeon.
             The game lasted 00:01:03 (1097 turns).

MalarOregon the Ruffian (Ghoul Gladiator)           Turns: 1097, Time: 00:01:04

Health: -2/30      AC:  4    Str: 17    XL:     3   Next: 58%
Magic:  2/2        EV: 12    Int:  4    God:
Gold:   50         SH:  0    Dex: 10    Spells: 2/2 levels left

rFire    . . .     SeeInvis .     - Unarmed
rCold    + . .     Gourm    .   (no shield)
rNeg     + + +     Faith    .   a - +0 leather armour
rPois    ∞         Spirit   .   b - +0 helmet
rElec    .         Reflect  .   (no cloak)
rCorr    .         Harm     .   (no gloves)
MR       .....                  (no boots)
Stlth    +.........             (no amulet)
HPRegen  0.00/turn              (no ring)
MPRegen  0.08/turn              (no ring)

@: rotting
A: rotting body, claws 1, carnivore, cold resistance 1, negative energy
resistance 3, inhibited regeneration, torment resistance, unbreathing
a: no special abilities


You were on level 2 of the Dungeon.
You were not hungry.

You visited 1 branch of the dungeon, and saw 2 of its levels.

You collected 50 gold pieces.

Inventory:

Missiles
 c - 3 throwing nets (quivered) {!f}
Armour
 a - a +0 leather armour (worn)
 b - a +0 helmet (worn)
Scrolls
 f - a scroll of amnesia {unknown}
 h - 2 scrolls of identify {unknown}
 j - 2 scrolls of enchant armour {unknown}
Potions
 g - a potion of curing {unknown}
 i - 2 potions of cancellation {unknown}
 k - a potion of heal wounds {unknown}
Comestibles
 d - a chunk of flesh
 e - 3 rations {!d}


   Skills:
 + Level 2.8 Fighting
 - Level 1.7 Throwing
 - Level 2.6 Dodging
 + Level 1.6 Stealth
 * Level 4.2 Unarmed Combat


You had 2 spell levels left.
You didn't know any spells.
Your spell library contained the following spells:

 Spells                   Type           Power        Failure   Level  Hunger
 Magic Dart               Conj           #...         56%         1    ##.....
 Blink                    Tloc           N/A          71%         2    ###....
 Call Imp                 Summ           #.......     71%         2    ###....
 Slow                     Hex            #.......     71%         2    ###....
 Conjure Flame            Conj/Fire      #.......     91%         3    ####...
 Mephitic Cloud           Conj/Pois/Air  #.......     91%         3    ####...


Dungeon Overview and Level Annotations

Branches:
Dungeon (2/15)

Altars:


Innate Abilities, Weirdness & Mutations

Your body is rotting away.
You thrive on raw meat.
You are immune to poison.
You have sharp fingernails.
You are carnivorous and can eat meat at any time.
Your flesh is cold resistant. (rC+)
You are immune to negative energy. (rN+++)
You do not regenerate when monsters are visible.
You are immune to unholy pain and torment.
You can survive without breathing.


Message History

No target in view!
No target in view!
No target in view!
Items here: ( )) [ a +0 flail; a +0 hunting sling; 12 stones; a +0 chain mail You see here a stone.
There is an escape hatch in the ceiling here.
You see here a stone.
Really go through this one-way escape hatch?
A mysterious force pulls you upwards. The hatch slams shut behind you.
There is a stone staircase leading down here.
You climb downwards.
Found a papyrus book.
There is a stone staircase leading up here.
Found 13 gold pieces.
You pick up a book of Minor Magic and begin reading...
You add the spells Magic Dart, Blink, Call Imp, Slow, Conjure Flame and Mephitic Cloud to your library.
There is a stone staircase leading up here.
Found a scroll labeled FUSUCREXTUJ and a scroll labeled QUSTIY ZINUDUPT.
j - 2 scrolls labeled FUSUCREXTUJ (gained 1)
A worm and a goblin come into view.
The goblin shouts!
There are monsters nearby!
You scratch the worm but do no damage. You scratch the worm.
The worm bites you!
You barely miss the worm. You barely miss the worm. The worm bites you.
You scratch the worm. You barely miss the worm. The worm barely misses you.
The goblin hits you but does no damage.
You scratch the worm. The goblin hits you.
* * * LOW HITPOINT WARNING * * *
The worm bites you!
* * * LOW HITPOINT WARNING * * *
Okay, then.
The goblin closely misses you. The goblin barely misses you.
You barely miss the goblin. The goblin barely misses you.
You claw the goblin!
You kill the goblin!
You see here a goblin corpse.
You butcher the goblin corpse.
d - 3 chunks of flesh You see here a goblin skeleton.
Eat one of 3 chunks of flesh? (ye/n/q)
You eat one of the 3 chunks of flesh.
This raw flesh tastes great!
Eat one of 2 chunks of flesh? (ye/n/q)
You eat one of the 2 chunks of flesh.
This raw flesh tastes great!
The worm bites you!
You die...

#....# ########.# #....#
####........# #....#
.......?....# #....# ..
#.........# ## #....# #.
#........##
.###....#####.####.........##
...<..(.)(..................##
#..##########.##.w...........###
..[............#@#.............#
####.............#.............#
#....#...#####.###........#....#
..####...# #.# ########## ...#
### #...# #.#### ..#
...###...#####....## ..
##........<........## #
#####...#######....# #...#
##...##


You could see a worm.

Vanquished Creatures
  Natasha (D:2)
  A dart slug (D:1)
  A ball python (D:1)
  3 bats (D:1)
  A giant cockroach (D:1)
  A hobgoblin (D:2)
  A frilled lizard (D:1)
  4 goblins
  2 kobolds (D:1)
  2 rats (D:1)
17 creatures vanquished.

Vanquished Creatures (others)
  An adder (D:2)
  A jackal (D:2)
2 creatures vanquished.

Grand Total: 19 creatures vanquished

Notes
Turn   | Place    | Note
-------+----------+-------------------------------------------
     0 | D:1      | MalarOregon the Ghoul Gladiator began the quest for the
                  | Orb.
     0 | D:1      | Reached XP level 1. HP: 17/17 MP: 0/0
   320 | D:1      | Reached XP level 2. HP: 25/25 MP: 1/1
   460 | D:1      | Reached skill level 1 in Stealth
   844 | D:2      | Noticed Natasha
   853 | D:2      | Noticed a crimson imp
   857 | D:2      | Noticed a crimson imp
   857 | D:2      | Killed Natasha
   857 | D:2      | Reached skill level 4 in Unarmed Combat
   857 | D:2      | Reached XP level 3. HP: 18/29 MP: 2/2
  1097 | D:2      | Slain by a worm

Skill      XL: |  1  2 |
---------------+-------+-----
Stealth        | 1 |  1.6
Unarmed Combat | 4 |  4.2
Fighting       | |  2.8
Throwing       | |  1.7
Dodging        | |  2.6

Action                   || total
-------------------------++-------
Melee: Unarmed           ||    62
       Punch             ||     1
 Stab: Sleeping          ||     1
  Eat: Chunk             ||     5
Armor: Leather armour    ||    15
Dodge: Dodged            ||    39
